 Dungeon Crawl Stone Soup version 0.22-a0-265-g0d8bc90 (webtiles) character file.

754 RoseArtemis the Cudgeler (level 7, -13/63 HPs)
             Began as a Minotaur Fighter on Mar 7, 2018.
             Mangled by an ogre
             ... wielding a +0 giant spiked club
              (22 damage)
             ... on level 4 of the Dungeon.
             The game lasted 00:09:30 (4695 turns).

RoseArtemis the Cudgeler (Minotaur Fighter)         Turns: 4695, Time: 00:09:31

Health: -13/63     AC: 12    Str: 22    XL:     7   Next: 49%
Magic:  6/6        EV:  4    Int:  5    God:
Gold:   242        SH:  9    Dex: 10    Spells: 6/6 levels left

rFire    . . .     SeeInvis .   d - +1 flail (holy)
rCold    . . .     Gourm    .   c - +0 shield
rNeg     . . .     Faith    .   v - +0 plate armour
rPois    .         Spirit   .   (helmet restricted)
rElec    .         Reflect  .   (no cloak)
rCorr    .         Harm     .   (no gloves)
MR       .....                  (no boots)
Stlth    ..........             (no amulet)
HPRegen  0.20/turn              (no ring)
MPRegen  0.10/turn              (no ring)

@: no status effects
A: retaliatory headbutt, horns 2
a: no special abilities


You were on level 4 of the Dungeon.
You were not hungry.

You visited 1 branch of the dungeon, and saw 4 of its levels.

You collected 242 gold pieces.

Inventory:

Hand Weapons
 d - a +1 flail of holy wrath (weapon)
Missiles
 q - a throwing net (quivered)
Armour
 c - a +0 shield (worn)
 v - a +0 plate armour (worn)
Jewellery
 u - an uncursed ring of fire
Scrolls
 e - 9 scrolls of teleportation
 g - a scroll of fog
 i - 2 scrolls of random uselessness {unknown}
 k - 2 scrolls of remove curse
 l - a scroll of magic mapping {unknown}
 n - a scroll of enchant weapon {unknown}
 o - a scroll of fear {unknown}
 p - a scroll of immolation {unknown}
 s - a scroll of enchant armour {unknown}
 w - 2 scrolls of noise {unknown}
 x - a scroll of blinking {unknown}
Potions
 b - a potion of cancellation {unknown}
 h - 3 potions of heal wounds
 j - 2 potions of curing
 m - 2 potions of berserk rage {unknown}
 r - 2 potions of degeneration {unknown}
 t - 2 potions of flight {unknown}
Comestibles
 a - 5 chunks of flesh
 f - 3 rations


   Skills:
 + Level 6.1 Fighting
 * Level 7.5 Maces & Flails
 + Level 6.1 Armour
 - Level 3.6 Shields


You had 6 spell levels left.
You didn't know any spells.

Dungeon Overview and Level Annotations

Branches:
Dungeon (4/15)
 Temple: D:4-7

Altars:
Yredelemnul

Annotations:
D:2 1 runed door


Innate Abilities, Weirdness & Mutations

You reflexively headbutt those who attack you in melee.
You have a pair of horns on your head.


Message History

You are too injured to fight recklessly!
You block the worker ant's attack. You block the leopard gecko's attack.
There is an open door here.
You closely miss the leopard gecko.
The leopard gecko bites you but does no damage.
You closely miss the leopard gecko. The leopard gecko barely misses you.
You furiously retaliate!
You headbutt the leopard gecko!
You kill the leopard gecko!
You hit the ogre.
The ogre is heavily wounded.
You block the ogre's attack.
Your shield and plate armour prevent you from hitting the ogre.
The ogre is heavily wounded.
The ogre hits you with a giant spiked club!
* * * LOW HITPOINT WARNING * * *
You sock the ogre!
The ogre is almost dead.
The ogre hits you with a giant spiked club!!
You die...

.##.####.# .. .........
..#....# ##......##
..#....# #.........
..#....# .. #.........
..#....# .# #.........
..#....# )# #.........
.##....# #.# #.........
..#....# ..#####.........
###....####..#..@Oa........
..........#..#.###.>.......
###..)......>#.# ##########
##......####.#########
#....### #.........# #...)#
#########.#
#######)##############.#
#......))............#.#
#....................#.#


You could see an ogre and a worker ant.

Vanquished Creatures
  The ghost of p0werm0de the Insei, an amateur OpGl (D:4)
  An ice beast (D:4)
  2 ogres (D:4)
  3 orc priests
  2 iguanas (D:4)
  An orc wizard (D:3)
  3 gnolls (D:4)
  7 adders
  An ooze (D:3)
  An adder skeleton (D:4)
  3 worms
  A leopard gecko (D:4)
  19 orcs
  A ball python (D:4)
  7 giant cockroaches
  10 goblins
  10 hobgoblins
  4 jackals (D:1)
  A quokka (D:3)
  8 bats
  5 frilled lizards
  5 kobolds
  8 rats
104 creatures vanquished.

Notes
Turn   | Place    | Note
-------+----------+-------------------------------------------
     0 | D:1      | RoseArtemis the Minotaur Fighter began the quest for the Orb.
     0 | D:1      | Reached XP level 1. HP: 19/19 MP: 0/0
   216 | D:1      | Reached skill level 3 in Maces & Flails
   216 | D:1      | Reached XP level 2. HP: 27/27 MP: 1/1
  1131 | D:2      | Reached XP level 3. HP: 33/33 MP: 2/2
  1675 | D:2      | Reached skill level 4 in Maces & Flails
  1797 | D:2      | Reached XP level 4. HP: 40/40 MP: 3/3
  1930 | D:2      | Found a runed door.
  1930 | D:2      | Noticed a human
  1933 | D:2      | Found a basalt altar of Yredelemnul.
  2213 | D:3      | Found a faded altar of an unknown god.
  2515 | D:3      | Reached XP level 5. HP: 47/47 MP: 4/4
  2634 | D:3      | Reached skill level 5 in Maces & Flails
  3450 | D:3      | Reached skill level 5 in Armour
  3578 | D:4      | Reached skill level 5 in Fighting
  3855 | D:4      | Reached XP level 6. HP: 56/56 MP: 5/5
  3857 | D:4      | Noticed an ice beast
  3868 | D:4      | Killed an ice beast
  3868 | D:4      | Reached skill level 6 in Maces & Flails
  4383 | D:4      | Noticed p0werm0de's ghost (amateur OpGl)
  4388 | D:4      | Killed p0werm0de's ghost
  4388 | D:4      | Reached skill level 7 in Maces & Flails
  4388 | D:4      | Reached XP level 7. HP: 62/62 MP: 6/6
  4695 | D:4      | Mangled by an ogre

Vault maps used:
D:1:      scummos_arrival_gate, serial_forest, infiniplex_forest_lined_ring,
          infiniplex_forest_clump_small, infiniplex_forest_clump_small,
          infiniplex_forest_lined_3, infiniplex_forest_lined_3_way,
          infiniplex_forest_zigzag_2, infiniplex_forest_straight_2
D:2:      dk_yredelemnul_ordeal
D:3:      first_ration, chequers_ecumenical_altar_island, serial_bayou_pond_a
D:4:      zin_treasury, kennysheep_generic_room_16

Skill      XL: |  1  2  3  4  5  6  7 |
---------------+----------------------+-----
Maces & Flails | 3 4 5 7 |  7.5
Fighting       | 4 5 6 |  6.1
Armour         | 4 5 6 |  6.1
Shields        | |  3.6

Action                   |  1- 3 |  4- 6 |  7- 9 || total
-------------------------+-------+-------+-------++-------
Melee: Flail             |   108 |   181 |    34 ||   323
       Headbutt          |     8 |    42 |     4 ||    54
  Use: Scroll            |     1 |     5 |       ||     6
       Potion            |       |     2 |       ||     2
  Eat: Chunk             |     3 |     5 |     1 ||     9
       Ration            |       |     1 |       ||     1
Armor: Scale mail        |    59 |    29 |       ||    88
       Plate armour      |       |    49 |    15 ||    64
Dodge: Dodged            |    29 |    41 |     5 ||    75
Block: Shield            |    47 |    91 |    23 ||   161

Table legend:
 A = Spawn XP
 B = Non-spawn XP
 C = Spawn XP percentage of total XP
 D = Spawn monster count
 E = Non-spawn monster count
 F = Spawn count percentage of total count
 G = Total turns spent on level
                    A         B        C        D         E        F      G
               +---------+---------+-------+---------+---------+-------+---------
         Total |       0 |    1078 |   0.0 |       0 |     104 |   0.0 |  4695
               +---------+---------+-------+---------+---------+-------+---------
           D:1 |       0 |      37 |   0.0 |       0 |      21 |   0.0 |  1059
           D:2 |       0 |      67 |   0.0 |       0 |      19 |   0.0 |  1037
           D:3 |       0 |     228 |   0.0 |       0 |      40 |   0.0 |  1464
           D:4 |       0 |     746 |   0.0 |       0 |      24 |   0.0 |  1135
               +---------+---------+-------+---------+---------+-------+---------
